 Dungeon Crawl Stone Soup version 0.26-a0-466-g989023bd0d (webtiles) character file.

Game seed: 10112120945915003302

132 drasked the Firebug (level 4, -8/24 HPs)
             Began as a Deep Elf Fire Elementalist on Aug 6, 2020.
             Killed by divine providence
             ... invoked by an orc priest
              (16 damage)
             ... on level 3 of the Dungeon.
             The game lasted 00:03:59 (2901 turns).

drasked the Firebug (Deep Elf Fire Elementalist)    Turns: 2901, Time: 00:04:00

Health: -8/24      AC:  5    Str:  5    XL:     4   Next: 92%
Magic:  3/10       EV: 13    Int: 21    God:
Gold:   132        SH:  0    Dex: 15    Spells: 8/9 levels left

rFire    . . .     SeeInvis +   k - +2 dagger (protect)
rCold    + . .     Faith    .   (no shield)
rNeg     . . .     Spirit   .   a - +0 robe
rPois    .         Reflect  .   (no helmet)
rElec    .         Harm     .   (no cloak)
rCorr    .                      l - +1 pair of gloves
MR       .....                  d - +0 pair of boots (curse)
Stlth    ++........             (no amulet)
HPRegen  0.08/turn              I - ring of protection from cold {rC+, !d}
MPRegen  0.12/turn              S - ring of see invisible {sInv, !d}

@: very slightly contaminated
A: no striking features
a: no special abilities


You were on level 3 of the Dungeon.
You visited 1 branch of the dungeon, and saw 3 of its levels.

You collected 132 gold pieces.

Inventory:

Hand Weapons
 k - a +2 dagger of protection (weapon)
   (You found it on level 1 of the Dungeon)
Missiles
 p - 7 poisoned darts (quivered)
Armour
 a - a +0 robe (worn)
 d - a cursed +0 pair of boots (worn)
   (You found it on level 1 of the Dungeon)
 l - a +1 pair of gloves (worn)
   (You found it on level 2 of the Dungeon)
 o - a +0 buckler
   (You found it on level 2 of the Dungeon)
Jewellery
 I - a ring of protection from cold (left hand) {rC+, !d}
   (You found it on level 1 of the Dungeon)
 S - a ring of see invisible (right hand) {sInv, !d}
   (You found it on level 1 of the Dungeon)
Scrolls
 b - a scroll of teleportation {unknown}
 c - a scroll of magic mapping {unknown}
 f - a scroll of amnesia {unknown}
 h - 3 scrolls of identify {unknown}
 n - a scroll of enchant armour {unknown}
Potions
 e - 3 potions of mutation {unknown}
 g - a potion of invisibility {unknown}
 i - a potion of lignification {unknown}
 j - 3 potions of curing {unknown}
 m - a potion of stabbing {unknown}


   Skills:
 - Level 2.4 Dodging
 - Level 2.4 Stealth
 + Level 0.6 Shields
 - Level 3.0 Spellcasting
 + Level 3.6 Conjurations
 + Level 4.9 Fire Magic


You had 8 spell levels left.
You knew the following spells:

 Your Spells              Type           Power        Failure   Level
a - Foxfire               Conj/Fire      ###.         2%          1

Your spell library contained the following spells:

 Spells                   Type           Power        Failure   Level
 Conjure Flame            Conj/Fire      ###.....     7%          3
 Inner Flame              Hex/Fire       ##......     14%         3
 Sticky Flame             Conj/Fire      ###.....     22%         4
 Fireball                 Conj/Fire      ###.......   54%         5


Dungeon Overview and Level Annotations

Branches:
Dungeon (3/15)

Altars:
Kikubaaqudgha
Qazlal
Xom
The Shining One


Message History

The altar is a mimic!
The altar mimic guffaws and vanishes in a puff of smoke!
There is an open door here.
You see here a stone.
You see here 4 stones.
You see here a leopard gecko corpse.
You open the door.
There is an open door here.
A goblin and a hobgoblin come into view.
The hobgoblin shouts!
There are monsters nearby!
You conjure some foxfire!
The goblin shouts!
The foxfire hits the hobgoblin!
You kill the hobgoblin!
The foxfire hits the goblin.
You conjure some foxfire!
The goblin closely misses you.
The foxfire hits the goblin.
You kill the goblin!
Unknown command.
Unknown command.
You see here a buckler.
o - a buckler You start resting.
h - 3 scrolls labeled HOONETR CIWIGE (gained 1)
j - 3 black potions (gained 1) Done exploring.
Done exploring.
Done exploring.
Setting a skill training target for Shields at 4.0.
Done exploring.
Done exploring.
Done exploring.
Done exploring.
You see here a +0 club.
There is an open door here.
You see here 4 stones.
You see here a stone.
There is a stone staircase leading down here.
You climb downwards.
There is a stone staircase leading up here.
An adder comes into view.
The adder hisses angrily.
You conjure some foxfire!
The foxfire hits the adder but does no damage.
The foxfire hits the adder!
You conjure some foxfire!
The foxfire hits the adder. x2
You kill the adder!
You conjure some foxfire!
You start resting.
You see here an adder corpse.
p - 7 poisoned darts
Found a stone staircase leading down.
e - 3 fuming coppery potions (gained 1)
A goblin comes into view.
A goblin is nearby!
You conjure some foxfire!
You conjure some foxfire!
The goblin shouts!
You hear a shout!
The foxfire hits the goblin. x2
A goblin is nearby!
You conjure some foxfire!
The foxfire hits the goblin.
You kill the goblin!
An orc priest comes into view. It is wielding a +0 whip.
An orc priest comes into view.
It is wielding a +0 short sword and wearing a +0 chain mail of fire resistance.
The foxfire hits the orc priest.
You conjure some foxfire!
The foxfire hits the orc priest.
The foxfire hits the orc priest. x2
You kill the orc priest!
You conjure some foxfire!
An orc comes into view. It is wielding a +0 whip.
An orc comes into view. It is wielding a +0 mace.
The foxfire hits the orc priest but does no damage.
You miscast Foxfire.
You are very lightly contaminated with residual magic.
Nothing appears to happen.
The foxfire hits the orc priest but does no damage.
You conjure some foxfire!
The foxfire hits the orc priest.
The orc priest resists.
The foxfire hits the orc priest.
The orc priest completely resists.
The orc priest hits you with a +0 short sword.
You conjure some foxfire!
* * * LOW MAGIC WARNING * * *
The foxfire hits the orc but does no damage.
The foxfire hits the orc.
You conjure some foxfire!
* * * LOW MAGIC WARNING * * *
The orc hits you with a +0 mace. The orc hits you with a +0 whip.
The foxfire hits the orc but does no damage. x2
The orc priest hits you with a +0 short sword.
* * * LOW HITPOINT WARNING * * *
The orc hits you with a +0 whip.
* * * LOW HITPOINT WARNING * * *
The orc hits you but does no damage.
Unknown command.
The orc priest calls down the wrath of Beogh upon you.
Beogh smites you!
Ouch! That really hurt!
You die...

#.#.... #.##..# ####.##..#
....##..# #......####
#..........
###########......#######.#
..<..........†...........#
###########.....@#########
. #............. ..
#.....o#######
...##.....o.......
..........o.######
............#
............#
..).......### ...#>....##


You could see an orc priest and 2 orcs.

Levels and vault maps discovered:
D:1:      evilmike_arrival_fibonacci_small, layout_basic
D:2:      minmay_wonky_spiral, layout_loops_ring, doesnt_xom_only_xom,
          tso_altar, minmay_misc_feat_pillars
D:3:      layout_basic, minivault_5

Notes
Turn   | Place    | Note
-------+----------+-------------------------------------------
     0 | D:1      | drasked the Deep Elf Fire Elementalist began the quest for
                  | the Orb.
     0 | D:1      | Reached XP level 1. HP: 10/10 MP: 6/6
   176 | D:1      | Reached XP level 2. HP: 15/15 MP: 6/8
   408 | D:1      | Reached skill level 2 in Conjurations
   594 | D:1      | Identified a +0 whip
   598 | D:1      | Identified a cursed -2 club
   655 | D:1      | Identified a +0 short sword
   661 | D:1      | Reached skill level 4 in Fire Magic
   675 | D:1      | Identified a cursed +0 pair of boots (You found it on level
                  | 1 of the Dungeon)
   675 | D:1      | Identified a ring of protection from cold (You found it on
                  | level 1 of the Dungeon)
   922 | D:1      | Identified a +0 whip
   922 | D:1      | Identified a +0 club
   929 | D:1      | Reached XP level 3. HP: 19/19 MP: 6/9
  1280 | D:1      | Identified a +2 dagger of protection (You found it on level
                  | 1 of the Dungeon)
  1467 | D:2      | Identified a +1 pair of gloves (You found it on level 2 of
                  | the Dungeon)
  1642 | D:2      | Reached skill level 3 in Conjurations
  1662 | D:2      | Identified a +0 dagger
  1690 | D:2      | Reached XP level 4. HP: 24/24 MP: 6/10
  1692 | D:2      | Identified a +0 dagger
  1699 | D:2      | Identified a ring of see invisible (You found it on level 1
                  | of the Dungeon)
  1812 | D:2      | Identified a +0 whip
  1915 | D:2      | Identified a +0 short sword
  2068 | D:2      | Identified a +0 club
  2307 | D:2      | Found a glowing golden altar of the Shining One.
  2462 | D:2      | Found an ornate altar of the Wu Jian Council.
  2464 | D:2      | Found a shimmering altar of Xom.
  2464 | D:2      | Found an ancient bone altar of Kikubaaqudgha.
  2464 | D:2      | Identified a +0 club
  2508 | D:2      | Found a radiant altar of Vehumet.
  2508 | D:2      | Found a stormy altar of Qazlal.
  2508 | D:2      | Found a glowing golden altar of the Shining One.
  2758 | D:2      | Identified a +0 club
  2882 | D:3      | Identified a +0 whip
  2883 | D:3      | Identified a +0 short sword
  2883 | D:3      | Identified a +0 chain mail of fire resistance
  2886 | D:3      | Identified a +0 whip
  2886 | D:3      | Identified a +0 ring mail
  2886 | D:3      | Identified a +0 mace
  2886 | D:3      | Identified a +0 leather armour
  2901 | D:3      | Killed from afar by an orc priest

Table legend: (Time is in decaauts)
 A = Elapsed time spent in this place.
 B = Non-inter-level travel time spent in this place.
 C = Inter-level travel time spent in this place.
 D = Time resting spent in this place.
 E = Time spent auto-exploring this place.
 F = Levels seen in this place.
 G = Mean time per level.
                   A        B        C        D        E       F      G
               +--------+--------+--------+--------+--------+-----+--------+
         Total |   2898 |   2776 |    122 |    945 |   1414 |   3 |  966.0 |
       Dungeon |   2898 |   2776 |    122 |    945 |   1414 |   3 |  966.0 |
               +--------+--------+--------+--------+--------+-----+--------+

Top non-repeatable levels by time:
     D:2: 1414 daAuts
     D:1: 1406 daAuts
     D:3: 77 daAuts

Table legend:
 A = Kills in this place as a percentage of kills in entire the game.
 B = Kills by you in this place as a percentage of kills by you in the entire game.
 C = Kills by friends in this place as a percentage of kills by friends in the entire game.
 D = Other kills in this place as a percentage of other kills in the entire game.
 E = Experience gained in this place as a percentage of experience gained in the entire game.
 F = Experience gained in this place divided by the number of levels of this place that you have seen.
                   A       B       C       D       E      F
               +-------+-------+-------+-------+-------+----------------------
         Total | 100.0 | 100.0 |   N/A |   N/A | 100.0 |  63.0
       Dungeon | 100.0 | 100.0 |   N/A |   N/A | 100.0 |  63.0
               +-------+-------+-------+-------+-------+----------------------

Skill      XL: |  1  2  3 |
---------------+----------+-----
Conjurations   | 2 3 |  3.6
Fire Magic     | 4 |  4.9
Dodging        | |  2.4
Stealth        | |  2.4
Shields        | |  0.6
Spellcasting   | |  3.0

Action                   |  1- 3 |  4- 6 || total
-------------------------+-------+-------++-------
Melee: Whip              |     2 |       ||     2
 Cast: Foxfire           |    79 |    49 ||   128
Armor: Robe              |     3 |     2 ||     5
Dodge: Dodged            |    12 |     5 ||    17

Vanquished Creatures
  An orc priest (D:3)
  3 adders
  3 oozes
  2 worms (D:2)
  3 leopard geckos
  10 bats
  11 goblins
  4 hobgoblins
  A ball python (D:2)
  2 frilled lizards (D:2)
  9 kobolds
  10 rats
59 creatures vanquished.

Vanquished Creatures (others)
  205 foxfires
205 creatures vanquished.

Grand Total: 264 creatures vanquished
